 Dungeon Crawl Stone Soup version 0.21-a0-91-ga5031da (webtiles) character file.

757334 Kidiri the Slayer (level 27, -14/287 (290) HPs)
             Began as a Minotaur Fighter on June 28, 2017.
             Was a High Priest of Okawaru.
             Killed from afar by a Hell Sentinel (30 damage)
             ... with damnation
             ... on level 7 of the Iron City of Dis on June 29, 2017.
             The game lasted 06:03:02 (84996 turns).

Kidiri the Slayer (Minotaur Fighter)               Turns: 84996, Time: 06:03:03

HP:   -14/287 (290) AC: 48    Str: 46    XL:     27
MP:   32/32         EV: 34    Int: 10    God:    Okawaru [*****.]
Gold: 5393          SH: 45    Dex: 25    Spells: 21/38 levels left

rFire    + . .     SeeInvis +   B - +3 war axe "Roykk" {holy, Dex+2}
rCold    + + +     Gourm    .   v - +6 large shield
rNeg     + . .     Faith    .   R - +9 scales of the Dragon King {rPois rF+ rC+ MR+}
rPois    +         Spirit   .   E - +1 hat "Memoeck" {rN+ Str+3 Dex+2}
rElec    +         Reflect  +   H - +1 cloak of Starlight {rElec rC+ EV+4 Stlth--}
rCorr    .         Harm     .   Y - +3 pair of gauntlets of War {Slay+5}
MR       +++..     NoTele   +   l - +2 pair of boots "Voissap" {rC+ Str+3 Int+3 Dex+4}
Stlth    ..........             Z - +5 amulet of reflection
HPRegen  0.57/turn              L - ring of Uwoz {-Tele EV+4 Str+10 Dex+5 Stlth-}
MPRegen  0.23/turn              z - ring of see invisible

@: studying 2 skills
A: retaliatory headbutt, horns 2, large bone plates 1, slimy green scales 1,
blink, poison resistance, robust 1, screaming 1
}: 4/15 runes: decaying, serpentine, silver, demonic
a: Blink, Heroism, Finesse, Renounce Religion


You were on level 7 of the Iron City of Dis.
You worshipped Okawaru.
Okawaru was extremely pleased with you.
You were full.

You visited 13 branches of the dungeon, and saw 58 of its levels.
You visited Pandemonium 1 time, and saw 2 of its levels.
You visited the Abyss 2 times.
You visited 1 bazaar.
You also visited: Ice Cave, Volcano and Wizlab.

You collected 9817 gold pieces.
You spent 4424 gold pieces at shops.

Inventory:

Hand Weapons
 m - a +3 hand crossbow of velocity
 B - the +3 war axe "Roykk" (weapon) {holy, Dex+2}
   (You found it on level 6 of the Dungeon)

   It has been blessed by the Shining One to cause great damage to the undead
   and demons.
   It affects your dexterity (+2).
 M - the +3 arbalest "Tormentor" {elec, +Blink rPois rN+++ Int-4}
   (You found it on level 3 of the Elven Halls)

   It charges the ammunition it shoots with electricity; occasionally upon a
   hit, such missiles may discharge and cause terrible harm.
   It affects your intelligence (-4).
   It protects you from poison.
   It renders you almost immune to negative energy.
   It lets you blink.
Missiles
 J - 3130 bolts
Armour
 l - the +2 pair of boots "Voissap" (worn) {rC+ Str+3 Int+3 Dex+4}
   (You found it on level 3 of the Elven Halls)

   It affects your strength (+3).
   It affects your intelligence (+3).
   It affects your dexterity (+4).
   It protects you from cold.
 v - a +6 large shield (worn)
 E - the +1 hat "Memoeck" (worn) {rN+ Str+3 Dex+2}
   (Okawaru gifted it to you on level 2 of the Swamp)

   It affects your strength (+3).
   It affects your dexterity (+2).
   It protects you from negative energy.
 H - the +1 cloak of Starlight (worn) {rElec rC+ EV+4 Stlth--}
   (You found it on level 1 of the Crypt)

   It affects your evasion (+4).
   It protects you from cold.
   It insulates you from electricity.
   It makes you much less stealthy.
 R - the +9 scales of the Dragon King (worn) {rPois rF+ rC+ MR+}
   (You found it on level 3 of the Elven Halls)

   It protects you from fire.
   It protects you from cold.
   It protects you from poison.
   It affects your resistance to hostile enchantments.
 Y - the +3 pair of gauntlets of War (worn) {Slay+5}
   (You found it on level 1 of the Vaults)

   It affects your accuracy and damage with ranged weapons and melee attacks
   (+5).
Jewellery
 z - a ring of see invisible (right hand)
 L - the ring of Uwoz (left hand) {-Tele EV+4 Str+10 Dex+5 Stlth-}
   (You took it off a vampire mage on level 5 of the Depths)

   [ring of evasion]

   It affects your evasion (+4).
   It affects your strength (+10).
   It affects your dexterity (+5).
   It prevents most forms of teleportation.
   It makes you less stealthy.
 T - an uncursed ring of flight
 W - a +5 ring of strength
 Z - a +5 amulet of reflection (around neck)
Wands
 a - a wand of enslavement (9/24)
 h - a wand of flame (26/48)
 r - a wand of iceblast (15/15)
 x - a wand of lightning (8/15)
 D - a wand of paralysis (11/24)
 F - a wand of polymorph (8/24)
 G - a wand of random effects (28/48)
 P - a wand of polymorph (12/24)
 S - a wand of lightning (5/15)
 X - a wand of polymorph (14/24)
Scrolls
 b - a scroll of amnesia
 o - 3 scrolls of fog
 p - 21 scrolls of remove curse
 t - 6 scrolls of identify
 u - 3 scrolls of holy word
 A - 24 scrolls of teleportation
 K - 3 scrolls of magic mapping
 Q - 7 scrolls of fear
 U - 6 scrolls of silence
Potions
 c - 3 potions of ambrosia
 d - 11 potions of might
 e - 23 potions of curing
 g - a potion of berserk rage
 i - 20 potions of lignification
 j - 9 potions of haste
 k - 4 potions of resistance
 n - 11 potions of flight
 s - 15 potions of brilliance
 w - 6 potions of magic
 y - 3 potions of cancellation
 C - 9 potions of agility
 I - 2 potions of invisibility
Books
 N - a manual of Transmutations
 O - a manual of Fighting
Comestibles
 f - 13 bread rations
 q - 32 meat rations


   Skills:
 * Level 24.7 Fighting
 * Level 22.7 Axes
 + Level 15.1 Crossbows
 * Level 22.9 Armour
 * Level 20.1 Dodging
 + Level 13.4 Stealth
 * Level 23.2 Shields
 * Level 6.1 Spellcasting
 + Level 3.8 Conjurations
 + Level 3.6 Hexes
 + Level 3.7 Charms
 + Level 3.7 Summonings
 + Level 3.6 Necromancy
 + Level 3.5 Translocations
 + Level 6.0 Transmutations
 + Level 3.9 Fire Magic
 + Level 4.1 Ice Magic
 + Level 4.3 Air Magic
 + Level 3.9 Poison Magic
 + Level 14.3 Invocations
 + Level 13.5 Evocations


You had 21 spell levels left.
You knew the following spells:

 Your Spells              Type           Power        Failure   Level  Hunger
a - Apportation           Tloc           ##....       22%         1    None
b - Ignite Poison         Fire/Tmut/Pois ##......     41%         3    ###....
c - Freezing Cloud        Conj/Ice/Air   ##........   100%        6    #######
d - Regeneration          Chrm/Necr      ##........   54%         3    ###....
e - Summon Guardian Gole  Hex/Summ       ##......     54%         3    ###....
f - Sandblast             Erth           #.....       69%         1    None


Dungeon Overview and Level Annotations

Branches:
Dungeon (15/15)            Temple (1/1) D:5            Lair (6/6) D:10
  Swamp (4/4) Lair:3        Snake (4/4) Lair:3        Slime (0/5) Lair:5
    Orc (2/2) D:11            Elf (3/3) Orc:2        Vaults (5/5) D:13
  Crypt (3/3) Vaults:3       Tomb (2/3) Crypt:3      Depths (5/5) D:15
   Hell (1/1)                 Dis (7/7) Hell            Geh (0/7) Hell
    Coc (0/7) Hell            Tar (0/7) Hell            Zot (0/5) Depths:5

Altars:
Ashenzari
Cheibriados
Dithmenos
Elyvilon
Fedhas
Gozag
Hepliaklqana
Kikubaaqudgha
Makhleb
Nemelex Xobeh
Okawaru
Qazlal
Ru
Sif Muna
Trog
Uskayaw
Vehumet
Wu Jian
Xom
Yredelemnul
Zin
The Shining One
Beogh
Lugonu

Shops:
D:14 =   Orc:1 :   Orc:2 [%:*   Snake:3 =}}=   Snake:4 *%*   Vaults:1 [=(!
Vaults:4 *   Depths:1 !}?   Depths:2 !

Portals:
Hell: Depths:1 Depths:2 Depths:3 Depths:4 Depths:5
Abyss: Depths:4
Pandemonium: Depths:1 Depths:3 Depths:4
Ziggurat: Depths:3


Innate Abilities, Weirdness & Mutations

You reflexively headbutt those who attack you in melee.
You have a pair of horns on your head.
You are partially covered in large bone plates. (SH +4)
You are partially covered in slimy green scales. (AC +2)
You can translocate small distances at will.
Your system is resistant to poisons. (rPois)
You are robust. (+10% HP)
You occasionally shout uncontrollably at your foes.


Message History

The sphere of damnation explodes!
The damnation engulfs you!
* * * LOW HITPOINT WARNING * * *
You hear a shout! x2
The Hell Sentinel gestures at you.
The sphere of damnation explodes!
The damnation engulfs you!
* * * LOW HITPOINT WARNING * * *
You hear a deafening roar!
Things that are here:
a +0 troll leather armour; an iron troll corpse Unknown command.
Okay, then.
Things that are here:
a morningstar; 71 gold pieces Unknown command.
You close the gate.
As you read the scroll of fog, it crumbles to dust.
The scroll dissolves into smoke.
The Hell Sentinel gestures at something.
The sphere of damnation explodes!
The damnation engulfs you!
You die...

######'''######.8...## .#
#.............#.)...#.
..##.8.8.....8...#.....##
...#.............#.8...#.
...'.............#.....'.
..'.1...........#....)[|
#...§§§.......#.8...#.
#.8.8§§§..8.8.#.....##
#...§@§.......#.....#.
######+++######.8...##
............%'.....##
.....1......%'.....#.
'T............'.....##
'.............########
#.8.8.8.8.8.8.# ###...
#.............###.)...
###############.......


You could see a Hell Sentinel.

Vanquished Creatures
  3 ancient liches
  2 pandemonium lords (Pan)
  A juggernaut (Depths:4)
  Mennas (Pan)
  Sojobo (Vaults:5)
  2 greater mummies (Tomb:1)
  Boris (Vaults:5)
  Margery (Depths:5)
  Saint Roka (Orc:2)
  5 caustic shrikes (Depths:5)
  Geryon (Hell)
  Nikola (Elf:2)
  6 golden dragons
  6 bone dragons
  Jory (Vaults:3)
  11 iron giants
  A hellephant (Hell)
  Jorgrun (Elf:3)
  2 Tzitzimimeh
  6 liches
  A Brimstone Fiend (Pan)
  10 tentacled monstrosities
  9 Hell Sentinels
  3 Ice Fiends
  7 titans
  2 deep elf blademasters (Elf:3)
  An eldritch tentacle (Dis:7)
  6 Executioners
  A quicksilver dragon (Depths:4)
  11 sphinxes
  18 ancient champions
  A storm dragon (shapeshifter) (Depths:2)
  9 tengu reavers
  2 thorn hunters
  10 shadow dragons
  3 storm dragons
  A shadow dragon (shapeshifter) (Vaults:5)
  10 nagarajas
  Donald (Elf:3)
  A revenant (Vaults:3)
  13 fire giants
  A ghost moth (shapeshifter) (Vaults:5)
  13 iron dragons
  11 balrugs
  2 corrupters (Pan)
  12 frost giants
  3 curse skulls
  2 draconian scorchers (Depths:5)
  Aizul (Elf:3)
  14 large abominations
  11 vault wardens
  7 cacodemons
  6 deep elf sorcerers
  4 orc warlords
  6 deep elf elementalists
  8 ghouls
  A draconian annihilator (Depths:5)
  2 warmongers (Pan)
  12 ironheart preservers
  5 spriggan defenders
  15 stone giants
  An entropy weaver (shapeshifter) (Vaults:5)
  22 very ugly things
  35 reapers
  28 war gargoyles
  A lorocyproca (Dis:2)
  2 bennus (Tomb:1)
  2 blood saints (Pan)
  9 vampire knights
  An entropy weaver (Vaults:5)
  2 black suns (Pan)
  8 deep elf demonologists
  10 deep elf annihilators
  A dire elephant (Lair:6)
  9 spark wasps
  9 purple draconians (WizLab)
  5 small abominations
  12 ettins
  2 green deaths
  9 statues (WizLab)
  3 crystal guardians (Crypt:3)
  8 jiangshi
  8 blizzard demons
  15 fire dragons
  2 eidola
  4 quicksilver dragon zombies
  14 deep elf death magi
  7 mummy priests (Tomb:1)
  10 great orbs of eyes
  Harold (D:11)
  32 vault guards
  16 yaktaur captains
  8 deep elf high priests
  9 rakshasas
  18 naga warriors
  9 hydras
  2 hell beasts
  A catoblepas (Pan)
  8 ice dragons
  Erica (D:9)
  9 spriggan air magi
  6 anacondas
  A ghost crab (Swamp:4)
  A merfolk aquamancer (Depths:5)
  13 centaur warriors
  42 two-headed ogres
  2 death knights
  2 alligators
  13 ogre magi
  13 death scarabs (Tomb:1)
  3 death yaks (Lair:6)
  29 dancing weapons
  8 deep troll shamans
  12 deep troll earth magi
  An orc high priest (Depths:5)
  11 hell hogs
  Urug (D:11)
  10 tengu warriors
  7 vampire magi
  3 storm dragon zombies
  4 titan zombies
  22 naga sharpshooters
  8 spriggan berserkers
  20 sun demons
  4 shock serpents
  4 titan skeletons
  6 sixfirhies (Pan)
  14 soul eaters
  8 iron golems
  2 salamander mystics (Depths:3)
  34 hell knights
  20 deep elf knights
  3 shadow wraiths
  3 spark wasp zombies
  3 sea snakes (Snake:4)
  76 skeletal warriors
  14 iron trolls
  A storm dragon skeleton (Dis:1)
  2 infernal demonspawn (Pan)
  7 flayed ghosts
  9 gelid demonspawn (Pan)
  A swamp dragon (shapeshifter) (Vaults:5)
  2 unseen horrors
  4 anaconda zombies
  6 wizards
  4 torturous demonspawn (Pan)
  13 deep trolls
  4 golden dragon zombies
  An orange crystal statue (D:11)
  7 naga ritualists (Snake:4)
  3 tengu zombies
  4 glowing orange brains
  3 spriggan druids
  8 shadow demons
  3 swamp dragons
  15 ironbrand convokers
  6 wolf spider zombies
  3 shambling mangroves
  10 deep elf archers
  3 spectral hydras (Swamp:4)
  17 phantasmal warriors
  Pikel (D:8)
  2 lindwurms (Lair:6)
  3 harpies (Vaults:2)
  3 anaconda skeletons
  21 necromancers
  A sphinx zombie (Hell)
  2 shadow dragon skeletons
  A tengu skeleton (Depths:4)
  10 mana vipers
  23 orc knights
  3 fire giant zombies
  48 ugly things
  A shadow dragon zombie (Dis:2)
  69 deep elf magi
  4 stone giant zombies
  7 wolf spiders
  3 iron dragon zombies
  An oklob plant (Lair:1)
  7 frost giant zombies
  7 orc sorcerers
  2 cyclopes (shapeshifter)
  A manticore (D:6)
  17 salamanders
  4 cyclopes
  4 frost giant skeletons
  An iron dragon skeleton (Dis:4)
  A fire giant skeleton (Crypt:3)
  9 elephants
  2 shock serpent zombies
  3 dire elephant zombies
  61 rust devils
  3 ice statues
  25 black mambas
  44 smoke demons
  A guardian serpent (shapeshifter) (Vaults:1)
  28 naga magi
  5 stone giant skeletons
  A torpor snail (shapeshifter) (Elf:3)
  12 vault sentinels
  5 guardian serpents
  3 spriggan zombies
  6 orange demons
  17 spiny frogs
  4 gargoyles
  22 hellions
  6 rime drakes
  2 komodo dragons (Lair:2)
  11 freezing wraiths
  34 tormentors
  A yellow draconian zombie (Crypt:1)
  A komodo dragon (shapeshifter) (D:13)
  3 efreet
  15 guardian mummies
  5 hellwings
  3 harpy zombies
  21 ice devils
  43 yaktaurs
  2 demonic crawlers (Pan)
  15 hydra zombies
  2 merfolk
  21 red devils
  3 tengu conjurers
  A meliai (shapeshifter) (Depths:1)
  19 polar bears
  A hornet (shapeshifter) (Vaults:1)
  4 tyrant leeches
  2 queen bees (shapeshifter)
  10 trolls
  48 slime creatures
  9 bog bodies
  2 harpy skeletons
  18 hornets
  2 iron dragon simulacra
  9 hippogriffs
  A wind drake (shapeshifter) (Vaults:1)
  2 spectral swamp dragons (Swamp:4)
  5 blink frogs
  13 ettin zombies
  3 fire dragon zombies
  A hydra skeleton (Crypt:2)
  2 ice dragon zombies
  6 dream sheep
  2 deep troll zombies (Hell)
  2 meliai zombies
  A redback (shapeshifter) (Depths:2)
  10 alligator zombies
  A frost giant simulacrum (Depths:4)
  8 air elementals
  A vampire (Dis:1)
  13 wraiths
  10 shadows
  71 flying skulls
  A spriggan (shapeshifter) (Elf:2)
  10 spriggans
  2 tarantellas (Vaults:5)
  4 ettin skeletons
  An ice dragon skeleton (Crypt:3)
  8 water elementals
  3 wyverns
  Eustachio (D:5)
  A fire dragon skeleton (Crypt:3)
  2 redbacks (Vaults:5)
  4 ynoxinuls
  A hog (shapeshifter) (Vaults:5)
  6 fire bats (Volcano)
  12 fire elementals
  A steam dragon (Lair:5)
  4 basilisks
  2 golden eyes (shapeshifter)
  66 yaks
  A human (shapeshifter) (Elf:3)
  2 chaos spawn
  2 hungry ghosts
  A wind drake skeleton (Crypt:1)
  7 vampire mosquitoes
  13 wargs
  19 insubstantial wisps
  20 swamp worms
  A spatial vortex (Dis:7)
  An ogre zombie (Vaults:1)
  Edmund (D:5)
  52 nagas
  A faun zombie (Crypt:1)
  A spiny frog zombie (Dis:6)
  2 soldier ants
  6 acid dragons
  3 floating eyes
  65 hell hounds
  4 slaves (D:8)
  7 swamp drakes
  2 floating eyes (shapeshifter)
  11 porcupines
  10 water moccasins
  2 eyes of draining
  4 sky beasts
  An ettin simulacrum (Vaults:3)
  6 snapping turtle zombies
  A black bear (shapeshifter) (D:15)
  11 necrophages
  8 phantoms
  2 spiny frog skeletons
  69 orc warriors
  17 ice beasts
  A manticore zombie (Dis:5)
  3 swamp dragon zombies
  An eye of draining (shapeshifter) (Vaults:3)
  24 wolves
  43 ogres
  13 boggarts
  3 human skeletons
  An elf skeleton (Vaults:2)
  A manticore skeleton (Crypt:2)
  9 crocodiles
  A lindwurm skeleton (Crypt:1)
  A swamp dragon skeleton (Crypt:3)
  20 centaurs
  2 big kobolds
  2 yaktaur zombies
  Blork the orc (D:5)
  A crocodile (shapeshifter) (Vaults:2)
  2 elf zombies
  2 wyvern zombies
  15 bullfrogs
  2 deep troll simulacra (Vaults:2)
  A spiny frog simulacrum (Hell)
  A yaktaur skeleton (Crypt:1)
  8 earth elementals
  2 scorpions
  2 wyvern skeletons
  A human simulacrum (Vaults:2)
  14 killer bees
  53 wights
  3 electric eels
  3 howler monkeys
  20 crimson imps
  6 lava snakes (Volcano)
  6 centaur zombies
  A demonspawn zombie (Crypt:1)
  9 hounds
  9 centaur skeletons
  Crazy Yiuf (D:2)
  8 orc priests
  51 iron imps
  4 jellies
  2 bullfrog skeletons
  2 iguanas
  13 worker ants
  18 orc wizards
  7 hell rats (Lair:3)
  2 spectral swamp drakes (Swamp:4)
  A killer bee zombie (D:8)
  An ogre skeleton (Crypt:2)
  3 hound skeletons
  24 mummies
  Robin (D:3)
  7 gnolls (D:4)
  A swamp drake zombie (Swamp:4)
  9 adders
  A steam dragon zombie (Crypt:1)
  3 shadow imps
  11 white imps
  An ufetubus (D:11)
  An ooze (D:3)
  An adder skeleton (D:4)
  A halfling skeleton (Crypt:2)
  2 worms
  4 dart slugs
  8 leopard geckos
  137 orcs
  5 bats
  9 giant cockroaches
  17 goblins
  12 hobgoblins
  6 jackals
  3 quokkas
  A ball python skeleton (Crypt:1)
  3 frilled lizards (D:5)
  20 kobolds
  A kobold zombie (Dis:3)
  An orc skeleton (Dis:2)
  An orc zombie (Dis:4)
  4 quokka skeletons
  5 rats
  A river rat skeleton (Crypt:2)
  A butterfly (Lair:2)
  4 crawling corpses
  6 fungi
  9 plants
3388 creatures vanquished.

Vanquished Creatures (others)
  2 deep elf master archers (Elf:3)
  A large abomination (Vaults:5)
  A vault warden (Vaults:5)
  2 stone giants
  A deep elf annihilator (Elf:3)
  A blood saint (Pan)
  5 yaktaur captains
  A naga warrior (Snake:4)
  4 centaur warriors
  A two-headed ogre (Vaults:3)
  16 death scarabs (Tomb:2)
  A naga sharpshooter (Snake:4)
  An unseen horror (D:15)
  5 deep elf archers
  A necromancer (Hell)
  3 deep elf magi
  An orc sorcerer (Vaults:5)
  2 cyclopes
  A salamander (Snake:3)
  7 yaktaurs
  3 flying skulls (Tomb:2)
  An insubstantial wisp (Swamp:4)
  2 nagas (Snake:4)
  A swamp worm (shapeshifter) (Vaults:5)
  A hell hound (Dis:1)
  An orc warrior (Vaults:5)
  A phantom (Swamp:4)
  An ogre (Vaults:5)
  A wolf (IceCv)
  2 centaurs
  2 wights
  A crimson imp (Depths:1)
  2 orcs
  2 crawling corpses
  A fungus (Lair:6)
  4 plants
83 creatures vanquished.

Grand Total: 3471 creatures vanquished

Notes
Turn   | Place    | Note
-------+----------+-------------------------------------------
     0 | D:1      | Kidiri the Minotaur Fighter began the quest for the Orb.
     0 | D:1      | Reached XP level 1. HP: 19/19 MP: 0/0
    80 | D:1      | Reached XP level 2. HP: 27/27 MP: 1/1
   713 | D:2      | Reached XP level 3. HP: 29/33 MP: 2/2
   854 | D:2      | Found a runed door.
  1131 | D:2      | Found a white marble altar of Elyvilon.
  1137 | D:2      | Reached skill level 4 in Fighting
  1482 | D:2      | Found a glowing silver altar of Zin.
  1678 | D:2      | Noticed Crazy Yiuf
  1692 | D:2      | Killed Crazy Yiuf
  1692 | D:2      | Reached skill level 1 in Dodging
  1692 | D:2      | Reached XP level 4. HP: 16/40 MP: 1/3
  2079 | D:3      | Found a glowing golden altar of the Shining One.
  2079 | D:3      | Found a shadowy altar of Dithmenos.
  2083 | D:3      | Reached skill level 1 in Stealth
  2214 | D:3      | Reached XP level 5. HP: 40/46 MP: 4/4
  2371 | D:3      | Noticed Robin
  2382 | D:3      | Killed Robin
  2873 | D:4      | Gained mutation: You expend magic power (3 MP) to strengthen your wands. [potion of mutation]
  2873 | D:4      | Gained mutation: Your mind is acute. (Int +2) [potion of mutation]
  2873 | D:4      | Gained mutation: You are agile. (Dex +2) [potion of mutation]
  3059 | D:4      | Reached XP level 6. HP: 40/53 MP: 2/5
  3111 | D:4      | Reached skill level 5 in Armour
  3151 | D:4      | Reached skill level 5 in Shields
  3278 | D:4      | Reached skill level 5 in Fighting
  3417 | D:4      | Reached XP level 7. HP: 50/61 MP: 6/6
  3500 | D:5      | Entered Level 5 of the Dungeon
  3500 | D:5      | Noticed Blork the orc
  3506 | D:5      | Killed Blork the orc
  3540 | D:5      | Found a bloodstained altar of Trog.
  3726 | D:5      | Found an ancient bone altar of Kikubaaqudgha.
  3826 | D:5      | Noticed Edmund
  3836 | D:5      | Killed Edmund
  3836 | D:5      | Reached skill level 5 in Axes
  3999 | D:5      | Noticed Eustachio
  4036 | D:5      | Killed Eustachio
  4036 | D:5      | Reached XP level 8. HP: 62/70 MP: 5/7
  4136 | D:5      | Found a staircase to the Ecumenical Temple.
  4149 | D:5      | Found an ancient bone altar of Kikubaaqudgha.
  4159 | Temple   | Entered the Ecumenical Temple
  4278 | Temple   | Became a worshipper of Warmaster Okawaru
  4574 | D:5      | Reached skill level 6 in Fighting
  5224 | D:6      | Found an ornate altar of the Wu Jian Council.
  5357 | D:6      | Found an ornate altar of the Wu Jian Council.
  5366 | D:6      | Found a stormy altar of Qazlal.
  5422 | D:6      | Noticed a two-headed ogre
  5438 | D:6      | HP: 3/71 [two-headed ogre/giant spiked club (6)]
  5443 | D:6      | Killed a two-headed ogre
  5443 | D:6      | Reached * piety under Okawaru
  5443 | D:6      | Reached skill level 7 in Fighting
  5443 | D:6      | Reached skill level 1 in Invocations
  5443 | D:6      | Reached skill level 1 in Evocations
  5443 | D:6      | Reached XP level 9. HP: 29/79 MP: 0/9
  5536 | D:6      | Noticed a manticore
  5548 | D:6      | Killed a manticore
  5548 | D:6      | Reached ** piety under Okawaru
  5915 | D:6      | Got a jewelled war axe
  5916 | D:6      | Identified the +3 war axe "Roykk" {holy, Dex+2} (You found it on level 6 of the Dungeon)
  6093 | D:7      | Reached skill level 5 in Dodging
  6171 | D:7      | Found a deep blue altar of Sif Muna.
  6294 | D:7      | Lost mutation: You expend magic power (3 MP) to strengthen your wands. [potion of mutation]
  6294 | D:7      | Lost mutation: Your mind is acute. (Int +2) [potion of mutation]
  6294 | D:7      | Lost mutation: You are agile. (Dex +2) [potion of mutation]
  6294 | D:7      | Gained mutation: You evolve. [potion of mutation]
  6294 | D:7      | Gained mutation: You are surrounded by a mild repulsion field. (EV +2) [potion of mutation]
  6294 | D:7      | Gained mutation: You are resistant to hostile enchantments. (MR+) [potion of mutation]
  6361 | D:7      | Reached skill level 8 in Fighting
  6419 | D:7      | Gained mutation: Your movements are slightly less encumbered by armour. (ER -2) [evolution]
  7118 | D:8      | Noticed Pikel
  7134 | D:8      | Killed Pikel
  7134 | D:8      | Reached XP level 10. HP: 73/88 MP: 7/11
  7170 | D:8      | Found a snail-covered altar of Cheibriados.
  7236 | D:8      | Found a faded altar of an unknown god.
  7236 | D:8      | Found a stormy altar of Qazlal.
  7241 | D:8      | Found a sparkling altar of Nemelex Xobeh.
  7243 | D:8      | Found a hide-covered altar of Uskayaw.
  7245 | D:8      | Found a radiant altar of Vehumet.
  7336 | D:8      | Found a snail-covered altar of Cheibriados.
  7399 | D:8      | Gained mutation: You passively map a small area around you. [evolution]
  7450 | D:8      | Reached *** piety under Okawaru
  7630 | D:8      | Found a deep blue altar of Sif Muna.
  7883 | D:9      | Noticed Erica
  7897 | D:9      | Killed Erica
  8744 | D:9      | Reached skill level 1 in Crossbows
  8802 | D:9      | Reached **** piety under Okawaru
  8894 | D:9      | Found a sacrificial altar of Ru.
  9037 | D:10     | Entered Level 10 of the Dungeon
  9062 | D:10     | Reached skill level 9 in Fighting
  9063 | D:10     | Noticed an elephant
  9078 | D:10     | Killed an elephant
  9084 | D:10     | Reached ***** piety under Okawaru
  9103 | D:10     | Reached XP level 11. HP: 47/97 MP: 8/12
  9310 | D:10     | Found a staircase to the Lair.
  9467 | D:10     | Identified a scroll of acquirement
  9558 | D:10     | Gained mutation: You are weak. (Str -2) [evolution]
 10009 | D:11     | Noticed Urug
 10017 | D:11     | Noticed Harold
 10025 | D:11     | Killed Urug
 10025 | D:11     | Received a gift from Okawaru
 10041 | D:11     | Killed Harold
 10227 | D:11     | Found a frozen archway.
 10260 | IceCv    | Entered an ice cave
 10607 | IceCv    | Gained mutation: You have a somewhat thin skeletal structure. (Dex +2, Stealth) [evolution]
 10607 | IceCv    | Lost mutation: You evolve. [end of evolution]
 10655 | IceCv    | Reached skill level 10 in Fighting
 10662 | IceCv    | Reached skill level 10 in Shields
 10708 | IceCv    | Received a gift from Okawaru
 10717 | IceCv    | Reached skill level 10 in Armour
 10722 | IceCv    | Got a pair of smoking gloves {god gift}
 10729 | IceCv    | Identified the -5 pair of gloves of Miracles {rPois rF- Str+3} (Okawaru gifted it to you in an ice cave)
 10829 | IceCv    | Reached XP level 12. HP: 81/107 MP: 9/14
 11386 | IceCv    | Reached skill level 10 in Axes
 11436 | IceCv    | Noticed a frost giant
 11460 | IceCv    | Killed a frost giant
 11460 | IceCv    | Reached skill level 5 in Stealth
 11460 | IceCv    | Reached skill level 5 in Invocations
 11932 | D:11     | Found a staircase to the Orcish Mines.
 12238 | Lair:1   | Entered Level 1 of the Lair of Beasts
 13037 | Lair:2   | Received a gift from Okawaru
 13134 | Lair:2   | Reached skill level 11 in Fighting
 13786 | Lair:3   | Reached skill level 5 in Evocations
 13810 | Lair:3   | Reached XP level 13. HP: 106/116 MP: 10/16
 14104 | Lair:3   | Found a staircase to the Swamp.
 14183 | Lair:3   | Found a dark tunnel.
 14217 | Volcano  | Entered a volcano
 14450 | Volcano  | Reached ****** piety under Okawaru
 14450 | Volcano  | Received a gift from Okawaru
 14454 | Volcano  | Noticed a stone giant
 14470 | Volcano  | Reached skill level 5 in Crossbows
 14474 | Volcano  | Killed a stone giant
 14480 | Volcano  | Found a burning altar of Makhleb.
 14519 | Volcano  | Found a burning altar of Makhleb.
 14814 | Lair:3   | Found a staircase to the Snake Pit.
 17122 | Lair:5   | Reached skill level 12 in Fighting
 17233 | Lair:5   | Found a staircase to the Slime Pits.
 18033 | Lair:6   | Entered Level 6 of the Lair of Beasts
 18240 | Lair:6   | Noticed a dire elephant
 18273 | Lair:6   | Reached XP level 14. HP: 57/126 MP: 2/17
 18569 | Lair:6   | Received a gift from Okawaru
 19681 | D:11     | Lost mutation: You are resistant to hostile enchantments. (MR+) [mutagenic meat]
 19874 | D:11     | Found a roughly hewn altar of Beogh.
 19915 | D:11     | Got a smoking demon whip
 19919 | D:11     | Got a jewelled hunting sling
 19927 | D:11     | Identified the +7 hunting sling of Umnorchoics {flame, rF+ rC+ Int+3 Dex+2} (You found it on level 11 of the Dungeon)
 19928 | D:11     | Identified the +4 demon whip "Siteg" {venom, Int+5} (You found it on level 11 of the Dungeon)
 20050 | Orc:1    | Entered Level 1 of the Orcish Mines
 20093 | Orc:1    | Noticed an orc warlord
 20115 | Orc:1    | Killed an orc warlord
 20308 | Orc:2    | Entered Level 2 of the Orcish Mines
 20430 | Orc:2    | Paralysed by an orc sorcerer for 4 turns
 20437 | Orc:2    | Paralysed by an orc sorcerer for 3 turns
 20576 | Orc:2    | Noticed Saint Roka
 20629 | Orc:2    | Killed Saint Roka
 20629 | Orc:2    | Received a gift from Okawaru
 20629 | Orc:2    | Reached skill level 13 in Fighting
 20667 | Orc:2    | Identified a +0 pair of boots of running (Okawaru gifted it to you on level 2 of the Orcish Mines)
 21425 | Orc:1    | Found a radiant altar of Vehumet.
 21425 | Orc:1    | Found Qaugul's Book Boutique.
 21772 | Orc:1    | Noticed an orc warlord
 21808 | Orc:1    | Killed an orc warlord
 22430 | Orc:2    | Found a staircase to the Elven Halls.
 22547 | Orc:2    | Reached XP level 15. HP: 99/136 MP: 15/19
 22560 | Orc:2    | Found a roughly hewn altar of Beogh.
 22592 | Orc:2    | Found Yhet's Food Boutique.
 22592 | Orc:2    | Found Nuen's Antique Armour Shoppe.
 22646 | Orc:2    | Found Oseiben's Assorted Antiques.
 22646 | Orc:2    | Found Hice's Book Shoppe.
 23196 | D:12     | Gained mutation: You occasionally shout uncontrollably at your foes. [mutagenic meat]
 23197 | D:12     | Gained mutation: You are frail. (-10% HP) [mutagenic meat]
 23198 | D:12     | Gained mutation: Your flesh is heat resistant. (rF+) [mutagenic meat]
 24185 | D:13     | Received a gift from Okawaru
 24300 | D:13     | Gained mutation: You have supernaturally acute eyesight. (SInv) [mutagenic meat]
 24301 | D:13     | Lost mutation: You have supernaturally acute eyesight. (SInv) [mutagenic meat]
 24302 | D:13     | Gained mutation: You do not regenerate when monsters are visible. [mutagenic meat]
 24334 | D:13     | Lost mutation: Your flesh is heat resistant. (rF+) [mutagenic meat]
 24335 | D:13     | Lost mutation: You are surrounded by a mild repulsion field. (EV +2) [mutagenic meat]
 24976 | D:13     | Gained mutation: You are partially covered in icy blue scales. (AC +2) [mutagenic meat]
 24977 | D:13     | Lost mutation: You passively map a small area around you. [mutagenic meat]
 24980 | D:13     | Found a gate to the Vaults.
 25103 | D:13     | Received a gift from Okawaru
 25404 | D:14     | Found Suibrid's Jewellery Shop.
 25412 | D:14     | Bought a +5 amulet of reflection for 576 gold pieces
 25537 | D:14     | Gained mutation: You expend magic power (3 MP) to strengthen your wands. [mutagenic meat]
 25539 | D:14     | Gained mutation: Your spells are a little harder to cast, but a little more powerful. [mutagenic meat]
 25712 | D:14     | Received a gift from Okawaru
 25792 | D:14     | Reached skill level 14 in Fighting
 25940 | D:11     | Reached skill level 10 in Dodging
 26274 | D:14     | Lost mutation: You are frail. (-10% HP) [mutagenic meat]
 26275 | D:14     | Gained mutation: You have supernaturally acute eyesight. (SInv) [mutagenic meat]
 26276 | D:14     | Gained mutation: Your spells are harder to cast, but more powerful. [mutagenic meat]
 26277 | D:14     | Lost mutation: You are partially covered in icy blue scales. (AC +2) [mutagenic meat]
 26280 | D:14     | Gained mutation: You can translocate small distances at will. [mutagenic meat]
 26281 | D:14     | Gained mutation: You sometimes yell uncontrollably at your foes. [mutagenic meat]
 26283 | D:14     | Gained mutation: You are robust. (+10% HP) [mutagenic meat]
 26284 | D:14     | Gained mutation: Your body sometimes deteriorates upon taking damage. [mutagenic meat]
 26285 | D:14     | Lost mutation: Your body sometimes deteriorates upon taking damage. [mutagenic meat]
 26893 | D:14     | Found a runed door.
 27050 | D:14     | Reached XP level 16. HP: 104/160 MP: 20/20
 27240 | D:15     | Entered Level 15 of the Dungeon
 27418 | D:15     | Lost mutation: You are weak. (Str -2) [mutagenic meat]
 27429 | D:15     | Found a staircase to the Depths.
 27454 | D:15     | Lost mutation: You sometimes yell uncontrollably at your foes. [mutagenic meat]
 27455 | D:15     | Gained mutation: Your skin changes colour to match your surroundings (Stealth+). [mutagenic meat]
 27456 | D:15     | Lost mutation: You have supernaturally acute eyesight. (SInv) [mutagenic meat]
 27457 | D:15     | Lost mutation: Your skin changes colour to match your surroundings (Stealth+). [mutagenic meat]
 27695 | D:15     | Found a blossoming altar of Fedhas.
 27842 | D:15     | Received a gift from Okawaru
 28383 | Elf:1    | Entered Level 1 of the Elven Halls
 28407 | Elf:1    | Found a flickering gateway to a bazaar.
 28424 | Bazaar   | Entered a bazaar
 28443 | Bazaar   | Found Fili Moe's Distillery.
 28465 | Bazaar   | Found Archisot's Assorted Antiques.
 28497 | Bazaar   | Found Nimuipla's Assorted Antiques.
 28508 | Bazaar   | Found Kisiar's Food Shoppe.
 28519 | Bazaar   | Found Woom's Distillery.
 28567 | Bazaar   | Bought a translucent lapis lazuli ring for 120 gold pieces
 28568 | Bazaar   | Identified the ring of the Grey Skies {+Inv AC+1} (You bought it in a shop in a bazaar)
 28603 | Bazaar   | Bought a scroll labeled DIX QI MEL for 22 gold pieces
 28603 | Bazaar   | Bought a small steel ring for 110 gold pieces
 28603 | Bazaar   | Bought a viscous dark potion for 19 gold pieces
 28670 | Bazaar   | Bought a potion of haste for 90 gold pieces
 28670 | Bazaar   | Bought a potion of haste for 90 gold pieces
 28670 | Bazaar   | Bought a potion of curing for 27 gold pieces
 28670 | Bazaar   | Bought a potion of haste for 90 gold pieces
 28670 | Bazaar   | Bought a potion of haste for 90 gold pieces
 28690 | Bazaar   | Bought a scroll of identify for 48 gold pieces
 28720 | Bazaar   | Bought a potion of curing for 66 gold pieces
 28720 | Bazaar   | Bought a scroll of identify for 44 gold pieces
 28738 | Bazaar   | Bought a potion of heal wounds for 75 gold pieces
 28738 | Bazaar   | Bought a potion of haste for 150 gold pieces
 29296 | Elf:1    | Received a gift from Okawaru
 29359 | Elf:1    | Noticed an Executioner
 29365 | Elf:1    | Noticed an Ice Fiend
 30420 | Elf:2    | Reached skill level 15 in Shields
 30597 | Elf:2    | Got a pair of crude boots
 30615 | Elf:2    | Identified the +4 pair of boots "Gilot" {rC- rCorr Str+2 Slay+6} (You acquired it on level 2 of the Elven Halls)
 30752 | Elf:2    | Found a huge runed gate.
 30758 | Elf:2    | Found a huge runed gate.
 30759 | Elf:2    | Found a huge runed gate.
 30761 | Elf:2    | Found a huge runed gate.
 30761 | Elf:2    | Found a huge runed gate.
 30953 | Elf:2    | Noticed Nikola
 30957 | Elf:2    | Reached skill level 15 in Fighting
 30973 | Elf:2    | Killed Nikola
 30973 | Elf:2    | Received a gift from Okawaru
 30974 | Elf:2    | Got a brightly glowing eveningstar {god gift}
 31157 | Elf:2    | Reached XP level 17. HP: 169/171 MP: 15/22
 31449 | Elf:3    | Entered Level 3 of the Elven Halls
 31617 | Elf:3    | Noticed Donald
 31626 | Elf:3    | Killed Donald
 31626 | Elf:3    | Received a gift from Okawaru
 31955 | Elf:3    | Received a gift from Okawaru
 31955 | Elf:3    | Reached skill level 15 in Armour
 32175 | Elf:3    | Noticed Jorgrun
 32186 | Elf:3    | Killed Jorgrun
 32815 | Elf:3    | Noticed a deep elf blademaster
 32818 | Elf:3    | Noticed Aizul
 32819 | Elf:3    | Noticed a deep elf master archer
 32819 | Elf:3    | Noticed a deep elf blademaster
 32826 | Elf:3    | Noticed a Hell Sentinel
 32828 | Elf:3    | Noticed a Hell Sentinel
 32838 | Elf:3    | Noticed a Brimstone Fiend
 32842 | Elf:3    | Killed a deep elf blademaster
 32844 | Elf:3    | Noticed a deep elf master archer
 32862 | Elf:3    | Killed a ghostly deep elf blademaster
 32869 | Elf:3    | Killed a deep elf blademaster
 32872 | Elf:3    | Killed a ghostly deep elf blademaster
 32894 | Elf:3    | Killed Aizul
 32902 | Elf:3    | Killed the ghostly Aizul
 32932 | Elf:3    | Killed a deep elf master archer
 32933 | Elf:3    | Received a gift from Okawaru
 33360 | Elf:3    | Reached skill level 15 in Axes
 33401 | Elf:3    | Received a gift from Okawaru
 33414 | Elf:3    | Killed a deep elf master archer
 33438 | Elf:3    | Received a gift from Okawaru
 33439 | Elf:3    | Got a pair of encrusted boots {god gift}
 33463 | Elf:2    | Identified the +0 pair of boots "Qissosoz" {Int+3} (Okawaru gifted it to you on level 3 of the Elven Halls)
 33786 | Elf:3    | Noticed a Hell Sentinel
 33922 | Elf:3    | Reached XP level 18. HP: 156/182 MP: 20/23
 34056 | Elf:3    | Got a smelly chain mail
 34231 | Elf:3    | Identified the +6 eveningstar of True Grit {venom, rF+++ rN+++ Int+4 Dex-5} (Okawaru gifted it to you on level 2 of the Elven Halls)
 34234 | Elf:3    | Got a jewelled arbalest
 34267 | Elf:3    | Got a pair of scorched boots
 34278 | Elf:3    | Identified the +2 pair of boots "Voissap" {rC+ Str+3 Int+3 Dex+4} (You found it on level 3 of the Elven Halls)
 34291 | Elf:3    | Identified the cursed +1 chain mail of the Equinox {rC+ Regen+ Int+4} (You took it off a deep elf high priest on level 3 of the Elven Halls)
 34430 | Elf:3    | Got an ichor-stained hand axe
 34431 | Elf:3    | Identified the +5 hand axe of the Magi {drain, +Fly rN++ MR-} (You found it on level 3 of the Elven Halls)
 34438 | Elf:3    | Identified the +3 arbalest "Tormentor" {elec, +Blink rPois rN+++ Int-4} (You found it on level 3 of the Elven Halls)
 34777 | Swamp:1  | Entered Level 1 of the Swamp
 35304 | Swamp:1  | Reached skill level 16 in Fighting
 35522 | Swamp:2  | Received a gift from Okawaru
 35526 | Swamp:2  | Got an encrusted hat {god gift}
 35532 | Swamp:2  | Identified the +1 hat "Memoeck" {rN+ Str+3 Dex+2} (Okawaru gifted it to you on level 2 of the Swamp)
 35660 | Swamp:2  | Noticed a tentacled monstrosity
 35672 | Swamp:2  | Killed a tentacled monstrosity
 36440 | Swamp:3  | Paralysed by a hornet for 2 turns
 37506 | Swamp:4  | Entered Level 4 of the Swamp
 38340 | Swamp:4  | Noticed a bone dragon
 38355 | Swamp:4  | Killed a bone dragon
 38378 | Swamp:4  | Got a decaying rune of Zot
 38956 | Snake:1  | Entered Level 1 of the Snake Pit
 39635 | Snake:2  | Got a scintillating graven amulet
 39637 | Snake:2  | Identified the amulet of Yshaqan {Harm *Drain rElec rF++ rN+ Dex-5} (You acquired it on level 2 of the Snake Pit)
 39831 | Snake:2  | Received a gift from Okawaru
 39921 | Snake:2  | Got a pair of heavily runed gloves
 39932 | Snake:2  | Identified the cursed +0 pair of gloves of Purpose {Dex+4} (You found it on level 2 of the Snake Pit)
 40001 | Snake:3  | Reached XP level 19. HP: 183/191 MP: 17/25
 40030 | Snake:3  | Got a distressingly furry chain mail
 40033 | Snake:3  | Found Ocell's Jewellery Boutique.
 40039 | Snake:3  | Bought a +5 ring of strength for 494 gold pieces
 40220 | Snake:3  | Lost mutation: Your movements are slightly less encumbered by armour. (ER -2) [mutagenic meat]
 40221 | Snake:3  | Lost mutation: Your spells are harder to cast, but more powerful. [mutagenic meat]
 40222 | Snake:3  | Lost mutation: You occasionally shout uncontrollably at your foes. [mutagenic meat]
 40223 | Snake:3  | Gained mutation: You are partially covered in slimy green scales. (AC +2) [mutagenic meat]
 40224 | Snake:3  | Lost mutation: Your spells are a little harder to cast, but a little more powerful. [mutagenic meat]
 40267 | Snake:3  | Received a gift from Okawaru
 40278 | Snake:3  | Identified the +3 chain mail of Liberty {rPois rCorr Dex+2 SInv} (You found it on level 3 of the Snake Pit)
 40609 | Snake:3  | Found Ypiloah's Jewellery Shop.
 40609 | Snake:3  | Found Lintug's Gadget Emporium.
 40610 | Snake:3  | Found Wairuq's Gadget Emporium.
 41070 | Snake:4  | Entered Level 4 of the Snake Pit
 41111 | Snake:4  | Found Innus's General Store.
 41121 | Snake:4  | Bought 2 potions of curing for 102 gold pieces
 41121 | Snake:4  | Bought a potion of curing for 51 gold pieces
 41121 | Snake:4  | Bought a scroll of fog for 34 gold pieces
 41240 | Snake:4  | Received a gift from Okawaru
 41288 | Snake:4  | Found Iwuczi's Assorted Antiques.
 41297 | Snake:4  | Bought a potion of heal wounds for 115 gold pieces
 41328 | Snake:4  | Received a gift from Okawaru
 41389 | Snake:4  | Found Mytyl's Food Shop.
 41949 | Snake:4  | Reached skill level 10 in Crossbows
 41949 | Snake:4  | Reached skill level 10 in Invocations
 42008 | Snake:4  | Received a gift from Okawaru
 42018 | Snake:4  | Reached skill level 17 in Fighting
 43015 | Snake:4  | Got an iridescent battleaxe {god gift}
 43065 | Snake:4  | Received a gift from Okawaru
 43101 | Snake:4  | Got a serpentine rune of Zot
 43265 | Snake:4  | Identified the +5 battleaxe of Exquisite Death {antimagic, Int+6} (Okawaru gifted it to you on level 4 of the Snake Pit)
 43570 | Vaults:1 | Entered Level 1 of the Vaults
 43624 | Vaults:1 | Found Fomopitt's Jewellery Boutique.
 43636 | Vaults:1 | Reached XP level 20. HP: 191/202 MP: 19/26
 44758 | Vaults:1 | Gained mutation: Your flesh is heat resistant. (rF+) [mutagenic meat]
 44759 | Vaults:1 | Gained mutation: You are resistant to hostile enchantments. (MR+) [mutagenic meat]
 44760 | Vaults:1 | Gained mutation: You are dopey. (Int -2) [mutagenic meat]
 44764 | Vaults:1 | Gained mutation: You are partially covered in iridescent scales. (AC +2) [mutagenic meat]
 44812 | Vaults:1 | Found Deiwamei's Distillery.
 44848 | Vaults:1 | Bought a potion of curing for 39 gold pieces
 44848 | Vaults:1 | Bought a potion of haste for 130 gold pieces
 44848 | Vaults:1 | Bought a potion of heal wounds for 65 gold pieces
 44848 | Vaults:1 | Bought a potion of haste for 130 gold pieces
 44848 | Vaults:1 | Bought a potion of curing for 39 gold pieces
 44881 | Vaults:1 | Found Rech's Weapon Shoppe.
 44982 | Vaults:1 | Found Naimy's Antique Armour Shop.
 44991 | Vaults:1 | Bought a faintly humming plate armour for 1064 gold pieces
 45001 | Vaults:1 | Identified the +3 plate armour "Ose Zery" {MR+ Dex+4} (You bought it in a shop on level 1 of the Vaults)
 45597 | Vaults:2 | Lost mutation: You are partially covered in iridescent scales. (AC +2) [mutagenic meat]
 45598 | Vaults:2 | Gained mutation: Armour fits poorly on your strangely shaped body. [mutagenic meat]
 45665 | Vaults:2 | Lost mutation: You have a somewhat thin skeletal structure. (Dex +2, Stealth) [mutagenic meat]
 45666 | Vaults:2 | Gained mutation: Your body sometimes deteriorates upon taking damage. [mutagenic meat]
 45768 | Vaults:2 | Received a gift from Okawaru
 45872 | Vaults:2 | Received a gift from Okawaru
 46308 | Vaults:2 | Reached skill level 10 in Evocations
 46650 | Vaults:3 | Lost mutation: Armour fits poorly on your strangely shaped body. [potion of mutation]
 46650 | Vaults:3 | Lost mutation: You are resistant to hostile enchantments. (MR+) [potion of mutation]
 46650 | Vaults:3 | Lost mutation: You expend magic power (3 MP) to strengthen your wands. [potion of mutation]
 46650 | Vaults:3 | Lost mutation: Your flesh is heat resistant. (rF+) [potion of mutation]
 46650 | Vaults:3 | Gained mutation: You are partially covered in large bone plates. (SH +4) [potion of mutation]
 46650 | Vaults:3 | Gained mutation: Your system is resistant to poisons. (rPois) [potion of mutation]
 46767 | Vaults:3 | Noticed Jory
 46777 | Vaults:3 | Killed Jory
 46894 | Vaults:3 | Lost mutation: You are dopey. (Int -2) [mutagenic meat]
 46895 | Vaults:3 | Gained mutation: You occasionally shout uncontrollably at your foes. [mutagenic meat]
 46896 | Vaults:3 | Lost mutation: Your body sometimes deteriorates upon taking damage. [mutagenic meat]
 47004 | Vaults:3 | Reached skill level 18 in Fighting
 47011 | Vaults:3 | Received a gift from Okawaru
 47067 | Vaults:3 | Reached XP level 21. HP: 201/213 MP: 28/28
 47362 | Vaults:3 | Found a staircase to the Crypt.
 47853 | Vaults:3 | Reached skill level 10 in Stealth
 48194 | Vaults:4 | Found Pedghefu's General Store.
 49386 | Depths:1 | Entered Level 1 of the Depths
 49433 | Depths:1 | Found a gateway to Hell.
 49479 | Depths:1 | Reached skill level 15 in Dodging
 49540 | Depths:1 | Found Sixesk's Gadget Emporium.
 49749 | Depths:1 | Found Eroutt's Magic Scroll Shoppe.
 49793 | Depths:1 | Received a gift from Okawaru
 49910 | Depths:1 | Found Zeohug's Distillery.
 49924 | Depths:1 | Bought a potion of curing for 60 gold pieces
 49924 | Depths:1 | Bought a potion of magic for 160 gold pieces
 50114 | Depths:1 | Found a one-way gate leading to the halls of Pandemonium.
 50483 | Depths:2 | Got a pair of faintly humming gloves
 50494 | Depths:2 | Identified the +0 pair of gloves of Ditari {Dex+2} (You found it on level 2 of the Depths)
 50623 | Depths:2 | Got a fine bone ring
 50630 | Depths:2 | Identified the ring of Unais {rPois rC+ Int+4} (You found it on level 2 of the Depths)
 50684 | Depths:2 | Received a gift from Okawaru
 50819 | Depths:2 | Paralysed by a vampire knight for 7 turns
 50905 | Depths:2 | Received a gift from Okawaru
 50909 | Depths:2 | Reached XP level 22. HP: 163/224 MP: 29/29
 51155 | Depths:2 | Found Asiug's Distillery.
 51158 | Depths:2 | Bought a potion of heal wounds for 90 gold pieces
 51158 | Depths:2 | Bought a potion of curing for 54 gold pieces
 51158 | Depths:2 | Bought a potion of haste for 180 gold pieces
 51307 | Depths:2 | Received a gift from Okawaru
 51590 | Depths:3 | Got a faintly glowing scale mail
 51601 | Depths:3 | Identified the +1 scale mail of Myczau {Regen+ rCorr Dex-5 Slay+6} (You found it on level 3 of the Depths)
 51658 | Depths:3 | Found a magical portal.
 51667 | WizLab   | Entered Iskenderun's Mystic Tower
 52289 | WizLab   | Reached skill level 19 in Fighting
 52743 | WizLab   | Identified Sif Muna's Handbook of Mutagenic Unholy Magic
 52762 | WizLab   | Identified Iskenderun's Volume of Battle Magic
 52762 | WizLab   | Identified Iskenderun's Disquisition on Attacks
 52943 | Depths:3 | Received a gift from Okawaru
 53073 | Depths:3 | Received a gift from Okawaru
 53087 | Depths:3 | Noticed a golden dragon
 53091 | Depths:3 | Noticed a golden dragon
 53096 | Depths:3 | Killed a golden dragon
 53106 | Depths:3 | Killed a golden dragon
 53195 | Depths:3 | Found a gateway to a ziggurat.
 53250 | Depths:3 | Found a corrupted altar of Lugonu.
 53308 | Depths:3 | Received a gift from Okawaru
 54154 | Depths:3 | Paralysed by a floating eye for 2 turns
 54174 | Depths:4 | Received a gift from Okawaru
 54422 | Depths:4 | Received a gift from Okawaru
 54444 | Depths:4 | Found a one-way gate to the infinite horrors of the Abyss.
 54469 | Depths:4 | Received a gift from Okawaru
 54502 | Depths:4 | Got a polished whip {elec}
 54503 | Depths:4 | Identified the +5 whip of Reinforcement {elec, Stlth+} (You took it off a necromancer on level 4 of the Depths)
 54553 | Depths:4 | Reached XP level 23. HP: 228/234 MP: 30/30
 54683 | Depths:4 | Paralysed by a floating eye for 3 turns
 54692 | Depths:4 | Received a gift from Okawaru
 54932 | Depths:4 | Noticed a juggernaut
 54949 | Depths:4 | Killed a juggernaut
 54949 | Depths:4 | Received a gift from Okawaru
 55015 | Depths:4 | Received a gift from Okawaru
 55989 | Depths:4 | Received a gift from Okawaru
 56358 | Depths:5 | Entered Level 5 of the Depths
 56375 | Depths:5 | Noticed Margery
 56388 | Depths:5 | Killed Margery
 56473 | Depths:5 | Got a bound copper ring
 56488 | Depths:5 | Identified the ring of Uwoz {-Tele EV+4 Str+10 Dex+5 Stlth-} (You took it off a vampire mage on level 5 of the Depths)
 56489 | Depths:5 | Paralysed by a floating eye for 2 turns
 56506 | Depths:5 | Reached skill level 20 in Fighting
 56515 | Depths:5 | Got a wavering jade ring
 56517 | Depths:5 | Identified the ring "Sixu" {rF+ rC+} (You found it on level 5 of the Depths)
 56538 | Depths:5 | Found a shimmering altar of Xom.
 56635 | Depths:5 | Got a vibrating jade ring
 56639 | Depths:5 | Identified the ring of Eternal Night {*Corrode +Fly rN+ MP+9 Int+6} (You found it on level 5 of the Depths)
 56679 | Depths:5 | Noticed a caustic shrike
 56680 | Depths:5 | Noticed a caustic shrike
 56680 | Depths:5 | Noticed a caustic shrike
 56680 | Depths:5 | Noticed a caustic shrike
 56681 | Depths:5 | Noticed a caustic shrike
 56691 | Depths:5 | Killed a caustic shrike
 56693 | Depths:5 | Killed a caustic shrike
 56699 | Depths:5 | Killed a caustic shrike
 56700 | Depths:5 | Killed a caustic shrike
 56706 | Depths:5 | Killed a caustic shrike
 56726 | Depths:5 | Found a basalt altar of Yredelemnul.
 56753 | Depths:5 | Paralysed by a floating eye for 2 turns
 56792 | Depths:5 | Reached XP level 24. HP: 180/246 MP: 31/31
 56865 | Depths:5 | Got a flickering pewter ring
 56866 | Depths:5 | Identified the ring "Heragogo" {rC+ rN+} (You found it on level 5 of the Depths)
 56930 | Depths:5 | Found an ancient bone altar of Kikubaaqudgha.
 57060 | Depths:5 | Received a gift from Okawaru
 57234 | Depths:5 | Received a gift from Okawaru
 57340 | Depths:5 | Found a gate to the Realm of Zot.
 57785 | Crypt:1  | Entered Level 1 of the Crypt
 59070 | Crypt:2  | Received a gift from Okawaru
 59546 | Crypt:3  | Entered Level 3 of the Crypt
 59745 | Crypt:3  | Noticed an ancient lich
 59746 | Crypt:3  | Found an ancient bone altar of Kikubaaqudgha.
 59760 | Crypt:3  | Killed an ancient lich
 59760 | Crypt:3  | Received a gift from Okawaru
 59760 | Crypt:3  | Reached skill level 21 in Fighting
 59760 | Crypt:3  | Reached XP level 25. HP: 187/258 MP: 31/31
 60290 | Crypt:3  | Found a staircase to the Tomb.
 60803 | Vaults:5 | Entered Level 5 of the Vaults
 60827 | Vaults:5 | Received a gift from Okawaru
 60834 | Vaults:5 | Noticed an ancient lich
 60845 | Vaults:5 | Killed an ancient lich
 60892 | Vaults:5 | Noticed Boris
 60903 | Vaults:5 | Noticed Sojobo
 60915 | Vaults:5 | Reached skill level 22 in Fighting
 60917 | Vaults:5 | Killed Boris
 60921 | Vaults:5 | Received a gift from Okawaru
 60927 | Vaults:5 | Noticed an ancient lich
 60934 | Vaults:5 | Received a gift from Okawaru
 60947 | Vaults:5 | Received a gift from Okawaru
 60947 | Vaults:5 | Reached XP level 26. HP: 193/272 MP: 27/31
 60951 | Vaults:5 | Killed an ancient lich
 61006 | Vaults:5 | Killed Sojobo
 61644 | Vaults:5 | Got a brightly glowing pewter ring
 61645 | Vaults:5 | Identified the cursed ring of Wumno {rN++ Slay-3 Stlth+} (You took it off a tengu reaver on level 5 of the Vaults)
 61753 | Vaults:5 | Reached skill level 23 in Fighting
 61771 | Vaults:5 | Got a scintillating golden amulet
 61777 | Vaults:5 | Identified the amulet of Eternal Night {Harm *Drain Int+3} (You took it off a yaktaur on level 5 of the Vaults)
 62007 | Vaults:5 | Got a shimmering arbalest
 62008 | Vaults:5 | Identified the cursed +0 arbalest of the Sun {elec, SInv} (You found it on level 5 of the Vaults)
 62083 | Vaults:5 | Got a glittering brass ring
 62084 | Vaults:5 | Identified the ring of Jofaog {+Fly rPois Str+4 Dex-3 SInv} (You found it on level 5 of the Vaults)
 62180 | Vaults:5 | Got a silver rune of Zot
 63403 | Depths:3 | Received a gift from Okawaru
 64248 | Crypt:1  | Identified Hurch's Catalogue of Earthen Dark Magic
 64718 | Elf:3    | Identified the Grimoire of Toxins and Weightlessness
 65126 | Swamp:4  | Learned a level 1 spell: Apportation
 65788 | Lair:1   | Learned a level 3 spell: Ignite Poison
 65795 | Lair:1   | Learned a level 6 spell: Freezing Cloud
 65810 | Lair:1   | Learned a level 3 spell: Regeneration
 65846 | Lair:1   | Learned a level 3 spell: Summon Guardian Golem
 65858 | Lair:1   | Learned a level 1 spell: Sandblast
 67499 | Crypt:3  | Received a gift from Okawaru
 67527 | Tomb:1   | Entered Level 1 of the Tomb of the Ancients
 67978 | Tomb:1   | Reached skill level 1 in Spellcasting
 68129 | Tomb:1   | Noticed a greater mummy
 68142 | Tomb:1   | Noticed a greater mummy
 68143 | Tomb:1   | Killed a greater mummy
 68643 | Tomb:1   | Killed a greater mummy
 68661 | Tomb:1   | Reached skill level 1 in Fire Magic
 68710 | Tomb:1   | Reached skill level 1 in Charms
 68785 | Tomb:1   | HP: 10/276 [mummy priest/divine providence (9)]
 68844 | Tomb:1   | Reached skill level 1 in Ice Magic
 68844 | Tomb:1   | Reached skill level 1 in Air Magic
 69488 | Tomb:1   | Reached skill level 1 in Transmutations
 69735 | Tomb:1   | Cast into level 5 of the Abyss (a Zot trap)
 69735 | Abyss:5  | Entered Level 5 of the Abyss
 69763 | Abyss:5  | Lost mutation: You do not regenerate when monsters are visible. [a neqoxec]
 69764 | Tomb:1   | Escaped the Abyss
 69809 | Tomb:2   | Noticed a greater mummy
 69810 | Tomb:2   | Noticed a greater mummy
 69811 | Tomb:2   | Noticed a greater mummy
 69819 | Tomb:2   | Noticed a greater mummy
 70435 | Crypt:3  | Reached skill level 1 in Summonings
 70435 | Crypt:3  | Reached XP level 27. HP: 280/283 MP: 32/32
 70713 | Hell     | Entered the Vestibule of Hell
 70713 | Hell     | Noticed Geryon
 70736 | Hell     | Killed Geryon
 70736 | Hell     | Reached skill level 1 in Poison Magic
 70739 | Hell     | Reached skill level 1 in Conjurations
 70744 | Hell     | Reached skill level 1 in Translocations
 70810 | Hell     | Found a gateway to the ashen valley of Gehenna.
 71325 | Hell     | Found a gateway to the decaying netherworld of Tartarus.
 71397 | Hell     | Reached skill level 1 in Necromancy
 71442 | Hell     | Received a gift from Okawaru
 71488 | Hell     | Found a gateway to the Iron City of Dis.
 71739 | Hell     | Found a gateway to the freezing wastes of Cocytus.
 71785 | Dis:1    | Entered Level 1 of the Iron City of Dis
 71899 | Dis:1    | Reached skill level 1 in Hexes
 71957 | Dis:1    | Received a gift from Okawaru
 72449 | Dis:1    | Received a gift from Okawaru
 72798 | Dis:1    | Received a gift from Okawaru
 72799 | Dis:1    | Got a pair of pitted gloves {god gift}
 72810 | Dis:1    | Identified the +1 pair of gloves "Koinlauleu" {rElec rPois rC- Str+3} (Okawaru gifted it to you on level 1 of the Iron City of Dis)
 75731 | Dis:4    | Received a gift from Okawaru
 76374 | Dis:4    | Received a gift from Okawaru
 76900 | Dis:5    | Received a gift from Okawaru
 77237 | Dis:6    | Received a gift from Okawaru
 77922 | Dis:6    | Received a gift from Okawaru
 78433 | Pan      | Entered Pandemonium
 78477 | Pan      | Received a gift from Okawaru
 78654 | Pan      | Noticed Edepsut the pandemonium lord
 78663 | Pan      | Killed Edepsut the pandemonium lord
 78663 | Pan      | Received a gift from Okawaru
 79179 | Pan      | Received a gift from Okawaru
 79179 | Pan      | Reached skill level 24 in Fighting
 79946 | Pan      | Found an exit through the horrors of the Abyss.
 80853 | Pan      | Got a demonic rune of Zot
 81666 | Pan      | Reached skill level 5 in Spellcasting
 81709 | Pan      | Noticed Zesytez the pandemonium lord
 81731 | Pan      | Killed Zesytez the pandemonium lord
 81731 | Pan      | Received a gift from Okawaru
 81888 | Pan      | Noticed Mennas
 81913 | Pan      | Killed Mennas
 82392 | Pan      | Found an exit through the horrors of the Abyss.
 82506 | Pan      | Took an exit into the Abyss.
 82506 | Abyss:1  | Escaped into the Abyss
 82536 | Depths:1 | Escaped the Abyss
 82871 | Dis:6    | Reached skill level 5 in Transmutations
 82892 | Dis:6    | Received a gift from Okawaru
 82896 | Dis:7    | Entered Level 7 of the Iron City of Dis
 83553 | Dis:7    | Reached skill level 15 in Crossbows
 84464 | Dis:7    | Received a gift from Okawaru
 84771 | Dis:7    | Received a gift from Okawaru
 84971 | Dis:7    | Received a gift from Okawaru
 84993 | Dis:7    | HP: 14/287 [Hell Sentinel/damnation (21)]
 84996 | Dis:7    | Killed from afar by a Hell Sentinel

Vault maps used:
D:1:      lightli_arrival_maybe_door_vault
D:2:      elyvilon_altar_1, old_standard_altar, minmay_misc_feat_rows,
          uniq_crazy_yiuf_cottage
D:3:      wad_river_or_something, gammafunk_temple_overflow_pools,
          serial_corexii_hall, corexii_hall_statues_x, corexii_hall_statues_l,
          corexii_hall_statues_l, corexii_hall_statues_l, uniq_robin
D:4:      kennysheep_generic_room_7
D:5:      kiku_gazebo_garden_becter, minmay_temple_entry_statues_fountains,
          first_bread, basic_altar, roderic_lattice_a, trog_butcher_becter,
          uniq_eustachio, uniq_edmund, uniq_blork_the_orc
D:6:      minmay_cornered_nines, kennysheep_mini_moat, basic_altar,
          grunt_qazlal_clouds
D:7:      tgw_sif
D:8:      slow_altar_1, lemuel_round_altar, chequers_temple_overflow_minitemple,
          basic_altar, uniq_pikel
D:9:      kennysheep_mini, hangedman_fish_farm, serial_bayou_pond_e, uniq_erica
D:10:     david_lair_generic, nicolae_wwwww
D:11:     minmay_orc_entry_temple_small, serial_ice, serial_ice_i, serial_ice_m,
          serial_ice_n, serial_ice_g, serial_ice_o,
          portal_ice_cave_entry_ice_beasts, minivault_15,
          minmay_tree_intersection, uniq_harold, uniq_urug
D:13:     david_vaults_5
D:14:     mludivico_vault, serial_shops, shop, minmay_holes
D:15:     gammafunk_enter_depths_forms, fedhas_altar_2
Temple:   nicolae_temple_figure_zero
Lair:1:   nicolae_lair_grove_arrangements, minmay_lair_oklob_chamber
Lair:2:   lemuel_fruit_fields, infiniplex_staircase_pool_2
Lair:3:   swamp_mist_pool, guppyfry_snake_entry_island,
          nicolae_volcano_entry_two_sided, st_stairs_12, lemuel_fruit_tree
Lair:4:   serial_bayou, serial_bayou_pond_d, serial_bayou_shore_a,
          serial_bayou_pond_d, serial_bayou_pond_e, serial_bayou_pond_e
Lair:5:   dpeg_slime_entry_corner, grunt_megastairs_4
Lair:6:   hangedman_lair_in_review, serial_forest, infiniplex_forest_corner_1,
          infiniplex_forest_lined_ring, infiniplex_forest_lined_room_,
          infiniplex_forest_clump_double, infiniplex_forest_clump_small,
          grunt_forest_large_clearing_hut
Swamp:1:  evilmike_swamp_ruin_house_5
Swamp:2:  infiniplex_staircase_pool, swamp_pool4
Swamp:3:  serial_swamp_ruin, evilmike_swamp_ruin_rubble_1,
          evilmike_swamp_ruin_house_1, evilmike_swamp_ruin_house_3
Swamp:4:  swamp_pestilence, swamp_pool1, water_boxes_lemuel
Snake:3:  serial_shops, shop, nicolae_snake_linked_coils, minmay_shop_grove
Snake:4:  snake_pit, serial_shops, nicolae_shop_waterfront,
          nicolae_shop_overgrown_old_shop, nicolae_shop_waterfront,
          grunt_ministairs_14, serial_bayou_pond_b, basic_stair_grate_trap
Orc:1:    cheibrodos_orc_arena, serial_shops, nicolae_shop_stone, basic_altar
Orc:2:    st_orc_town, uniq_saint_roka
Elf:1:    cheibrodos_wizards_tower, serial_shops, bzr_entry_gold,
          hangedman_elf_represent
Elf:2:    uniq_nikola
Elf:3:    elf_hall, minivault_16, kilobyte_rumbling_trees, uniq_jorgrun,
          uniq_donald, uniq_aizul
Vaults:1: nicolae_vaults_asterisk, nicolae_vaults_network_star,
          nicolae_vaults_stairing_the_circle, v_misc_15,
          nicolae_vaults_rhombus_6, vaults_room_pools, nicolae_vaults_little_ls,
          nicolae_vaults_octagons, v_misc_24, v_alt_pattern_4,
          vaults_room_corners, hangedman_vaults_restitches, serial_shops,
          nicolae_shop_waterfront, shop, nicolae_shop_waterfront, shop
Vaults:2: grunt_vaults_funnel, nicolae_vaults_puzzle_piece, v_misc_24,
          nicolae_vaults_circle_grid_a, st_lines, vaults_room_door_hall,
          nicolae_vaults_theta, vaults_dpeg_encased_lava, v_misc_30
Vaults:3: vaults_mumra_chevron, v_alt_pattern_1,
          minmay_crypt_entry_simple_round, vaults_mumra_minichess_inversion,
          dpeg_vaults_monster_row, vaults_dpeg_cross, vaults_mumra_hexcomb,
          v_misc_1, nicolae_vaults_ninety_degrees, uniq_jory
Vaults:4: vaults_mumra_minichess, nicolae_vaults_network_s, v_misc_30,
          v_misc_25, nicolae_vaults_circle_grid_a, vaults_dpeg_ring,
          serial_shops, shop_statue
Vaults:5: uniq_boris, uniq_sojobo
Crypt:2:  grunt_megastairs_3
Crypt:3:  cryptofortress_bobbens
Depths:1: rand_demon_pan_entry_7, serial_shops, shop, shop, shop, hell_entry,
          serial_sigils_hangedman_quiver, minmay_fire_ice_demons,
          serial_bayou_shore_b
Depths:2: minmay_the_grid_3x3, hell_entry, serial_shops, shop,
          serial_sigils_hangedman_confine, lightli_fourway_metalbox,
          infiniplex_staircase_zigzag_2, serial_bayou_shore_b
Depths:3: minmay_textured_paths, enter_ziggurat_f, grunt_pan_entry_in_and_out,
          grunt_hell_entry_dis_mu, mu_enter_wizlab_4, tgw_lugonu_bribe
Depths:4: little_maze_vault, hell_entry, abyss_entry_crystal,
          rand_demon_pan_entry_9, serial_curves, eino_curves_02, eino_curves_04,
          minmay_curled_crystal
Depths:5: hangedman_spin_cycle, hell_entry, serial_shops, uniq_margery
Dis:1:    hangedman_iron_city_apartments
Dis:6:    grunt_megastairs_1
Dis:7:    iron_city_of_dis
Abyss:1:  hangedman_abyss_mock_shop
Abyss:5:  evilmike_abyss_exit_8, minivault_11, nicolae_abyss_rune_star_stuff,
          gammafunk_abyss_exit_x_factor, minivault_27
Pan:      lemuel_hall_of_pain, grunt_pan_pentagram, uniq_mennas_pan,
          nicolae_pan_mnolegish_4
Bazaar:   bazaar_jpeg_circle_rare_3
IceCv:    ice_cave_caverns_01
Volcano:  volcano_grotto
WizLab:   wizlab_iskenderun

Skill      XL: |  1  2  3  4  5  6  7  8  9 10 11 12 13 14 15 16 17 18 19 20 21 22 23 24 25 26 27 |
---------------+----------------------------------------------------------------------------------+-----
Armour         | 4 5 6 7 9 10 11 12 13 14 15 16 17 18 19 20 21 22 | 22.9
Shields        | 4 5 6 7 8 9 10 11 12 13 14 15 16 17 18 19 20 21 22 23 | 23.2
Fighting       | 4 5 7 8 9 10 11 12 13 14 15 16 17 18 19 20 21 22 23 24 | 24.7
Axes           | 3 4 5 6 7 8 9 10 11 12 13 14 15 16 17 18 19 20 21 22 | 22.7
Dodging        | 1 2 3 4 5 6 7 8 9 10 11 12 13 14 15 16 17 18 20 | 20.1
Stealth        | 1 2 3 4 5 6 7 8 9 10 11 12 13 | 13.4
Invocations    | 1 3 4 5 6 7 8 9 10 11 12 13 14 | 14.3
Evocations     | 1 2 3 4 5 6 7 8 9 10 11 12 13 | 13.5
Crossbows      | 2 3 4 5 6 7 8 9 10 11 12 13 14 15 | 15.1
Spellcasting   | 1 6 |  6.1
Fire Magic     | 1 3 |  3.9
Charms         | 1 3 |  3.7
Ice Magic      | 1 4 |  4.1
Air Magic      | 1 4 |  4.3
Transmutations | 1 6 |  6.0
Summonings     | 1 3 |  3.7
Poison Magic   | 3 |  3.9
Conjurations   | 3 |  3.8
Translocations | 3 |  3.5
Necromancy     | 3 |  3.6
Hexes          | 3 |  3.6

Action                   |  1- 3 |  4- 6 |  7- 9 | 10-12 | 13-15 | 16-18 | 19-21 | 22-24 | 25-27 || total
-------------------------+-------+-------+-------+-------+-------+-------+-------+-------+-------++-------
Melee: War axe           |    81 |   160 |   248 |   567 |  1453 |  1421 |  1434 |  1367 |  2696 ||  9427
       Headbutt          |    15 |    30 |    50 |   167 |   464 |   497 |   550 |   573 |   996 ||  3342
 Cast: Apportation       |       |       |       |       |       |       |       |       |     1 ||     1
Invok: Heroism           |       |       |       |    13 |    32 |    28 |    16 |    23 |    32 ||   144
       Finesse           |       |       |       |     7 |    18 |    14 |    15 |    17 |    25 ||    96
 Abil: Evoke Flight      |       |       |       |       |     2 |     2 |       |       |     1 ||     5
Evoke: Wand              |       |       |     3 |       |    16 |     3 |       |       |     3 ||    25
  Use: Scroll            |     4 |    13 |     6 |    11 |    20 |    17 |    12 |    13 |    16 ||   112
       Potion            |       |     1 |     3 |       |     5 |     4 |     3 |       |    20 ||    36
 Stab: Confused          |       |       |       |       |     6 |     1 |       |       |       ||     7
       Distracted        |       |       |       |       |       |     4 |     2 |     4 |     3 ||    13
  Eat: Royal jelly       |     2 |       |       |     1 |     1 |    10 |     7 |     3 |     3 ||    27
       Chunk             |       |     4 |     9 |    12 |    61 |    22 |    39 |    17 |    16 ||   180
       Fruit             |       |       |     4 |     2 |     9 |     9 |     9 |     9 |       ||    42
       Bread ration      |       |       |       |     2 |       |       |       |       |    15 ||    17
Armor: Scale mail        |    32 |    61 |    16 |       |       |       |       |       |       ||   109
       Plate armour      |       |       |    30 |   158 |   359 |   158 |       |       |       ||   705
       Chain mail        |       |       |    28 |    33 |       |       |       |       |       ||    61
       Gold dragon scale |       |       |       |       |       |   180 |   285 |   207 |   319 ||   991
Dodge: Dodged            |    27 |    67 |   109 |   253 |   598 |   441 |   379 |   323 |   704 ||  2901
       Deflected         |       |       |       |     4 |    13 |    43 |    75 |    19 |       ||   154
Block: Shield            |    42 |   106 |   185 |   415 |  1097 |  1132 |   607 |       |       ||  3584
       Reflection        |       |       |       |       |    13 |    92 |   219 |    57 |    84 ||   465
       Large shield      |       |       |       |       |       |       |   985 |  1547 |  3046 ||  5578
